 Dungeon Crawl Stone Soup version 0.27.1-37-g7b29ead8ac (webtiles) character file.

Game seed: 16626960926704829540

74 Kzare the Ducker (level 4, -4/34 HPs)
             Began as a Minotaur Hedge Wizard on Nov 12, 2021.
             Slain by a shadow imp (5 damage)
             ... summoned by Natasha
             ... on level 3 of the Dungeon on Apr 16, 2024.
             The game lasted 00:13:50 (1731 turns).

Kzare the Ducker (Minotaur Hedge Wizard)            Turns: 1731, Time: 00:13:50

Health: -4/34      AC:  3    Str: 14    XL:     4   Next: 9%
Magic:  1/7        EV: 12    Int: 12    God:
Gold:   40         SH:  0    Dex: 10    Spells: 5/8 levels left

rFire    . . .     SeeInvis .   a - +0 dagger
rCold    . . .     Faith    .   (no shield)
rNeg     . . .     Spirit   .   b - +0 robe
rPois    .         Reflect  .   c - +0 hat
rElec    .         Harm     .   (no cloak)
rCorr    .         Rampage  .   d - +0 pair of gloves
Will     .....                  (no boots)
Stlth    ++........             (no amulet)
HPRegen  0.11/turn              (no ring)
MPRegen  0.10/turn              (no ring)

@: slowed, very slow
A: horns 2, retaliatory headbutt
a: no special abilities


You were on level 3 of the Dungeon.
You visited 1 branch of the dungeon, and saw 3 of its levels.

You collected 40 gold pieces.

Inventory:

Hand Weapons
 a - a +0 dagger (weapon)
Missiles
 e - 18 poisoned darts
 p - 7 boomerangs of dispersal
Armour
 b - a +0 robe (worn)
 c - a +0 hat (worn)
 d - a +0 pair of gloves (worn)
Scrolls
 f - 2 scrolls of fog {unknown}
 g - a scroll of teleportation {unknown}
 h - a scroll of enchant weapon {unknown}
 i - a scroll of identify {unknown}
 k - a scroll of amnesia {unknown}
 l - a scroll of enchant armour {unknown}
 m - a scroll of blinking {unknown}
 n - a scroll of vulnerability {unknown}
 o - a scroll of immolation {unknown}
Potions
 j - a potion of might {unknown}
 q - a potion of attraction


   Skills:
 + Level 0.9 Fighting
 + Level 0.6 Short Blades
 + Level 2.8 Dodging
 + Level 1.9 Stealth
 + Level 2.7 Spellcasting
 + Level 1.3 Conjurations
 + Level 0.6 Summonings
 + Level 0.6 Translocations


You had 5 spell levels left.
You knew the following spells:

 Your Spells              Type           Power      Damage    Failure   Level
a - Magic Dart            Conj           16%        1d3       14%         1
b - Call Imp              Summ           3%         N/A       30%         2

Your spell library contained the following spells:

 Spells                   Type           Power      Damage    Failure   Level
 Blink                    Tloc           N/A        N/A       30%         2
 Slow                     Hex            1%         N/A       36%         2
 Conjure Flame            Conj/Fire      3%         6-21      50%         3
 Mephitic Cloud           Conj/Pois/Air  2%         N/A       54%         3


Dungeon Overview and Level Annotations

Branches:
Dungeon (3/15)

Altars:

Annotations:
D:3 Natasha


Innate Abilities, Weirdness & Mutations

You have a pair of horns on your head.
You reflexively headbutt those who attack you in melee.


Message History

Natasha growls.
Natasha casts a spell.
The crimson imp blinks!
You hit Natasha. Your headbutt misses Natasha.
Natasha is moderately wounded.
Natasha closely misses you.
The crimson imp blinks!
The shadow imp closely misses you.
Natasha stares at you and mumbles some strange words.
You resist with some effort.
You hit Natasha but do no damage. You headbutt Natasha.
Natasha is heavily wounded.
The shadow imp completely misses you. Natasha claws you.
The shadow imp closely misses you. You furiously retaliate!
You headbutt the shadow imp! You closely miss Natasha.
Natasha is heavily wounded.
The crimson imp disappears in a puff of smoke!
Natasha misses you. You furiously retaliate!
You headbutt Natasha, but do no damage. The shadow imp misses you.
Natasha claws you.
You miss Natasha.
Natasha is heavily wounded.
The goblin shouts!
You hear a shout!
The shadow imp hits you.
* * * LOW HITPOINT WARNING * * *
Natasha claws you.
* * * LOW HITPOINT WARNING * * *
The shadow imp hits you.
* * * LOW HITPOINT WARNING * * *
Natasha misses you.
There is a stone staircase leading down here.
Natasha howls an incantation.
Natasha shimmers violently.
Natasha casts a spell at you.
You feel as though you will be slow longer.
The shadow imp hits you.
* * * LOW HITPOINT WARNING * * *
Natasha closely misses you. You furiously retaliate!
You headbutt Natasha. The shadow imp hits you.
You die...

#...>..##...# #..#
............# #..#
............# #..#
....!(......###..# #
.............##..# .#
.....g........#..###.##
............#.#........
........5$...........#
.......h@##..#.....#≈#≈
.......#.###.......#≈≈≈
......##.. ##.....##≈≈#
###### ##.# #.....#≈≈≈≈
#.###.....≈≈#
#.........≈#≈≈≈
...........#≈≈#
###........≈##≈
#....<.....#


You could see Natasha, a shadow imp (summoned) and a goblin.

Vanquished Creatures
  3 adders (D:2)
  An ufetubus (D:2)
  A worm (D:2)
  7 ball pythons
  4 endoplasms (D:1)
  A giant cockroach (D:2)
  3 goblins
  2 hobgoblins (D:1)
  3 jackals (D:1)
  4 quokkas
  2 frilled lizards
  5 rats
36 creatures vanquished.

Notes
Turn   | Place    | Note
-------+----------+-------------------------------------------
     0 | D:1      | Kzare the Minotaur Hedge Wizard began the quest for the
                  | Orb.
     0 | D:1      | Reached XP level 1. HP: 14/14 MP: 2/2
    26 | D:1      | Upgraded the game from 0.27.1-4-g1640c2035a to
                  | 0.27.1-37-g7b29ead8ac
   280 | D:1      | Reached XP level 2. HP: 20/20 MP: 0/4
   600 | D:2      | Reached skill level 1 in Conjurations
   600 | D:2      | Reached XP level 3. HP: 7/26 MP: 0/5
  1679 | D:2      | Reached XP level 4. HP: 27/34 MP: 1/7
  1697 | D:2      | Learned a level 2 spell: Call Imp
  1717 | D:3      | Noticed Natasha
  1731 | D:3      | HP: 1/34 [shadow imp[Natasha] (2)]
  1731 | D:3      | Slain by a shadow imp

Illustrated notes

Levels and vault maps discovered:
D:1:      dpeg_arrival_arbitrary_c, layout_rooms
D:2:      wander_river, layout_basic
D:3:      layout_rooms, mainiacjoe_overflow_alcove_1, okawaru_altar_gauntlet_db,
          nicolae_uskayaw_murder_on_the_dancefloor,
          shapermc_ecumenical_altar_venn, minivault_4, uniq_terence, uniq_robin,
          uniq_natasha

Skill      XL: |  1  2 |
---------------+-------+-----
Conjurations   | 1 |  1.3
Fighting       | |  0.9
Short Blades   | |  0.6
Dodging        | |  2.8
Stealth        | |  1.9
Spellcasting   | |  2.7
Summonings     | |  0.6
Translocations | |  0.6

Action                   |  1- 3 |  4- 6 || total
-------------------------+-------+-------++-------
Melee: Dagger            |    62 |     9 ||    71
       Headbutt          |    11 |     1 ||    12
 Cast: Magic Dart        |    49 |     3 ||    52
       Call Imp          |       |     1 ||     1
  Use: Potion            |     3 |       ||     3
       Scroll            |     1 |       ||     1
 Stab: Sleeping          |     1 |       ||     1
Armor: Robe              |    23 |     3 ||    26
Dodge: Dodged            |    50 |    14 ||    64
